 Dungeon Crawl Stone Soup version 0.23.2-1-ga50397a (webtiles) character file.

Game seed: 10894398788779653598

25 Iscandelvey the Vexing (level 2, -6/21 HPs)
             Began as a Demonspawn Arcane Marksman on Apr 27, 2019.
             Killed from afar by Sigmund (8 damage)
             ... with a puff of flame
             ... on level 2 of the Dungeon.
             The game lasted 00:00:28 (552 turns).

Iscandelvey the Vexing (Demonspawn Arcane Marksman)  Turns: 552, Time: 00:00:28

Health: -6/21      AC:  2    Str: 10    XL:     2   Next: 86%
Magic:  3/3        EV: 12    Int: 14    God:
Gold:   44         SH:  0    Dex: 13    Spells: 2/3 levels left

rFire    . . .     SeeInvis .   a - +0 hand crossbow
rCold    . . .     Gourm    .   (no shield)
rNeg     . . .     Faith    .   e - +0 robe
rPois    .         Spirit   .   (no helmet)
rElec    .         Reflect  .   (no cloak)
rCorr    .         Harm     .   (no gloves)
MR       .....                  (no boots)
Stlth    +.........             (no amulet)
HPRegen  0.07/turn              (no ring)
MPRegen  0.08/turn              (no ring)

@: no status effects
A: sturdy frame 1
a: no special abilities


You were on level 2 of the Dungeon.
You were not hungry.

You visited 1 branch of the dungeon, and saw 2 of its levels.

You collected 44 gold pieces.

Inventory:

Hand Weapons
 a - a +0 hand crossbow (weapon)
Missiles
 d - a bolt (quivered)
Armour
 e - a +0 robe (worn)
Jewellery
 b - a cursed -2 ring of intelligence {unknown}
Scrolls
 h - a scroll of immolation {unknown}
Potions
 c - a potion of agility {unknown}
 g - 2 potions of heal wounds {unknown}
 i - a potion of curing {unknown}
 j - a potion of berserk rage {unknown}
Comestibles
 f - 3 rations


   Skills:
 + Level 1.2 Fighting
 + Level 2.2 Crossbows
 + Level 1.7 Dodging
 + Level 1.0 Spellcasting
 + Level 3.7 Hexes


You had 2 spell levels left.
You knew the following spells:

 Your Spells              Type           Power        Failure   Level  Hunger
a - Corona                Hex            ##.....      5%          1    ##.....

Your spell library contained the following spells:

 Spells                   Type           Power        Failure   Level  Hunger
 Slow                     Hex            ##......     9%          2    ###....
 Inner Flame              Hex/Fire       #.......     36%         3    ####...
 Portal Projectile        Hex/Tloc       #.....       36%         3    ####...
 Cause Fear               Hex            ##........   50%         4    #####..
 Leda's Liquefaction      Hex/Erth       #.........   77%         4    #####..


Dungeon Overview and Level Annotations

Branches:
Dungeon (2/15)

Altars:

Annotations:
D:2 Sigmund


Innate Abilities, Weirdness & Mutations

Your movements are slightly less encumbered by armour. (ER -2)


Message History

You shoot a bolt.
Sigmund is suddenly surrounded by pale green light.
Sigmund misses you.
Firing (i - inventory)
d - 4 bolts (quivered)
Press: ? - help, Shift-Dir - straight line, f/p - Sigmund
Aim: Sigmund, wielding a +0 scythe and wearing a +0 robe (almost dead, unusually strong)
You shoot a bolt.
You feel less confused. Sigmund barely misses you.
Firing (i - inventory)
d - 3 bolts (quivered)
Press: ? - help, Shift-Dir - straight line, f/p - Sigmund
Aim: Sigmund, wielding a +0 scythe and wearing a +0 robe (almost dead, unusually strong)
You shoot a bolt. The bolt barely misses Sigmund.
Sigmund closely misses you.
Firing (i - inventory)
d - 2 bolts (quivered)
Press: ? - help, Shift-Dir - straight line, f/p - Sigmund
Aim: Sigmund, wielding a +0 scythe and wearing a +0 robe (almost dead, unusually strong)
You shoot a bolt. The bolt closely misses Sigmund.
Sigmund gestures at you while chanting. The puff of flame hits you!
You die...

.# #.# ...
.. .###
#####+##...
.....@((.#
....$..@(#
........(#
.%.......#
.........#
.........#
.........#
.........#
.........#


You could see Sigmund.

Vanquished Creatures
  An ooze (D:1)
  A dart slug (D:1)
  4 bats (D:1)
  A giant cockroach (D:1)
  2 goblins (D:1)
  3 hobgoblins (D:1)
  3 kobolds (D:1)
  A frilled lizard (D:1)
  2 rats (D:1)
18 creatures vanquished.

Notes
Turn   | Place    | Note
-------+----------+-------------------------------------------
     0 | D:1      | Iscandelvey the Demonspawn Arcane Marksman began the quest
                  | for the Orb.
     0 | D:1      | Reached XP level 1. HP: 15/15 MP: 2/2
   219 | D:1      | Gained mutation: Your movements are slightly less
                  | encumbered by armour. (ER -2) [demonic ancestry]
   219 | D:1      | Reached XP level 2. HP: 21/21 MP: 3/3
   538 | D:2      | Noticed Sigmund
   543 | D:2      | HP: 1/21 [Sigmund/+0 scythe (11)]
   552 | D:2      | Killed from afar by Sigmund

Skill      XL: |  1  2 |
---------------+-------+-----
Crossbows      | 2 |  2.2
Fighting       | |  1.2
Dodging        | |  1.7
Spellcasting   | |  1.0
Hexes          | |  3.7

Action                   || total
-------------------------++-------
 Fire: Hand crossbow     ||    51
Armor: Robe              ||     4
Dodge: Dodged            ||    12
